 Dungeon Crawl Stone Soup version 0.24-a0-525-g9231cdcba1 (webtiles) character file.

Game seed: 351318758746336795

32 BinkBink the Cudgeler (level 3, -1/34 HPs)
             Began as a Deep Dwarf Berserker on Aug 3, 2019.
             Was a Believer of Trog.
             Slain by Terence
             ... wielding a +1 falchion of distortion
              (15 damage)
             ... on level 2 of the Dungeon.
             The game lasted 00:01:34 (841 turns).

BinkBink the Cudgeler (Deep Dwarf Berserker)         Turns: 841, Time: 00:01:34

Health: -1/34      AC: 11    Str: 21    XL:     3   Next: 10%
Magic:  3/3        EV:  7    Int:  7    God:    Trog [**....]
Gold:   65         SH:  0    Dex: 12    Spells: 2/2 levels left

rFire    . . .     SeeInvis .   a - +0 mace
rCold    . . .     Gourm    .   (no shield)
rNeg     . . .     Faith    .   g - +0 plate armour
rPois    .         Spirit   .   (no helmet)
rElec    .         Reflect  .   (no cloak)
rCorr    .         Harm     .   (no gloves)
MR       .....                  (no boots)
Stlth    ..........             (no amulet)
HPRegen  0.00/turn              (no ring)
MPRegen  0.08/turn              (no ring)

@: non-regenerating
A: damage resistance, heal wounds, sense surroundings 1, no regeneration
a: Heal Wounds, Berserk, Trog's Hand, Renounce Religion


You were on level 2 of the Dungeon.
You worshipped Trog.
Trog was pleased with you.
You were not hungry.

You visited 1 branch of the dungeon, and saw 3 of its levels.

You collected 65 gold pieces.

Inventory:

Hand Weapons
 a - a +0 mace (weapon)
Armour
 b - a +0 animal skin
 g - a +0 plate armour (worn)
Jewellery
 i - a +4 ring of evasion {unknown}
 l - an uncursed ring of resist corrosion {unknown}
Scrolls
 d - 2 scrolls of identify {unknown}
 k - a scroll of random uselessness {unknown}
 m - a scroll of remove curse {unknown}
 n - a scroll of enchant armour {unknown}
Potions
 e - a potion of berserk rage {unknown}
 f - 2 potions of haste {unknown}
 h - 2 potions of degeneration {unknown}
 j - a potion of invisibility {unknown}
Comestibles
 c - 5 rations


   Skills:
 + Level 3.0 Fighting
 + Level 3.5 Maces & Flails
 + Level 2.6 Armour
 + Level 2.5 Dodging


You had 2 spell levels left.
You didn't know any spells.
Your spell library was empty.

Dungeon Overview and Level Annotations

Branches:
Dungeon (3/15)

Altars:

Annotations:
D:2 Terence


Innate Abilities, Weirdness & Mutations

You are resistant to damage.
You can heal yourself by infusing magical energy.
You passively map a small area around you.
You do not regenerate.


Message History

You hit Terence.
Terence is moderately wounded.
Terence barely misses you.
You hit Terence but do no damage.
Terence is moderately wounded.
Your skin stops crawling.
You feel less resistant to hostile enchantments.
Terence hits you but does no damage. Space bends around you.
You hit Terence.
Terence is heavily wounded.
Terence hits you but does no damage.
You blink.
Terence hits you but does no damage. Space bends around you.
You hit Terence.
Terence is heavily wounded.
Terence hits you but does no damage. Space bends around you.
You closely miss Terence.
Terence is heavily wounded.
Terence hits you with a +1 falchion of distortion.
Space warps horribly around you!
You die...

* * .# *.# *.# , .##.
##############.##.#
#....@@.)......##.###
#.##########.........,
* #* #. * #..o.#.##* ,
... #. , #....@.#
#..... #. *
,##...#.#### ......*
#. * ##.##.>...
#.....* #. * *
*.####### * .#. #., .#
* * * +#


You could see Terence.

Vanquished Creatures
  2 dart slugs (D:1)
  2 leopard geckos (D:3)
  An orc (D:2)
  2 bats (D:1)
  A goblin (D:1)
  2 hobgoblins (D:1)
  A quokka (D:3)
  2 frilled lizards (D:1)
  A kobold (D:1)
  16 rats
30 creatures vanquished.

Notes
Turn   | Place    | Note
-------+----------+-------------------------------------------
     0 | D:1      | BinkBink the Deep Dwarf Berserker began the quest for the
                  | Orb.
     0 | D:1      | Reached XP level 1. HP: 20/20 MP: 1/1
    44 | D:1      | Reached XP level 2. HP: 22/27 MP: 2/2
   772 | D:2      | You fall into a shaft and drop 1 floor!
   792 | D:3      | Reached ** piety under Trog
   792 | D:3      | Reached XP level 3. HP: 23/34 MP: 3/3
   812 | D:2      | Noticed Terence
   841 | D:2      | Slain by Terence

Levels and vault maps discovered:
D:1:      erik_arrival_orb_chamber, layout_basic, minmay_pentomino_q4
D:2:      layout_loops_corners, bloody_trog, uniq_sigmund, uniq_robin,
          uniq_terence
D:3:      layout_rooms, gammafunk_temple_overflow_forgotten,
          minmay_misc_feat_diagonals, minmay_ogre_servants

Skill      XL: |  1  2 |
---------------+-------+-----
Fighting       | 3 |  3.0
Maces & Flails | |  3.5
Armour         | |  2.6
Dodging        | |  2.5

Action                   || total
-------------------------++-------
Melee: Mace              ||    88
Invok: Trog's Hand       ||     1
Armor: Animal skin       ||     6
       Plate armour      ||    39
Dodge: Dodged            ||    55

Table legend:
 A = Non-vault XP
 B = Vault XP
 C = Vault XP percentage of total XP
 D = Non-vault monster count
 E = Vault monster count
 F = Vault count percentage of total count
                 A         B        C        D         E       F
            +---------+---------+-------+---------+---------+-------
      Total |      28 |      19 |  40.4 |      15 |      15 |  50.0
            +---------+---------+-------+---------+---------+-------
        D:1 |      16 |      19 |  54.3 |      10 |      15 |  60.0
        D:2 |       3 |       0 |   0.0 |       1 |       0 |   0.0
        D:3 |       9 |       0 |   0.0 |       4 |       0 |   0.0
            +---------+---------+-------+---------+---------+-------
